 Dungeon Crawl Stone Soup version 0.25.1-1-g288607f (webtiles) character file.

Game seed: 14246376149012554141

37 Janerl the Gusty (level 3, -2/39 HPs)
             Began as a Draconian Air Elementalist on July 24, 2020.
             Was an Initiate of the Shining One.
             Slain by Terence
             ... wielding a +4 hand axe of freezing
              (3 damage)
             ... on level 2 of the Dungeon.
             The game lasted 00:15:07 (1249 turns).

Janerl the Gusty (Draconian Air Elementalist)       Turns: 1249, Time: 00:15:08

Health: -2/39      AC: 21    Str: 10    XL:     3   Next: 21%
Magic:  0/6        EV:  2    Int: 15    God:    the Shining One [......]
Gold:   71         SH:  0    Dex: 12    Spells: 5/6 levels left

rFire    + . .     SeeInvis .   g - -1 mace (curse)
rCold    x . .     Gourm    .   (no shield)
rNeg     + + +     Faith    .   (armour unavailable)
rPois    +         Spirit   .   (helmet currently unavailable)
rElec    .         Reflect  .   (cloak currently unavailable)
rCorr    .         Harm     .   (gloves currently unavailable)
MR       .....     NoTele   +   (boots currently unavailable)
Stlth    +.........             (no amulet)
HPRegen  0.13/turn              d - ring of fire
MPRegen  0.10/turn              (no ring)

@: tree-form (expiring), very slightly contaminated, glowing
A: unfitting armour, MP-powered wands, AC +5
a: Renounce Religion


You were on level 2 of the Dungeon.
You worshipped the Shining One.
The Shining One was noncommittal.
You were hungry.
You were a tree.
You visited 1 branch of the dungeon, and saw 2 of its levels.

You collected 71 gold pieces.

Inventory:

Hand Weapons
 g - a cursed -1 mace (weapon)
Missiles
 e - 38 stones (quivered)
Armour
 f - a +2 pair of gloves (melded)
 i - a +0 robe
Jewellery
 d - a ring of fire (left branch)
Scrolls
 j - a scroll of blinking
Comestibles
 b - 2 rations


   Skills:
 + Level 1.9 Dodging
 + Level 1.8 Stealth
 + Level 0.2 Unarmed Combat
 + Level 2.3 Spellcasting
 + Level 1.2 Conjurations
 + Level 3.8 Air Magic


You had 5 spell levels left.
You knew the following spells:

 Your Spells              Type           Power        Failure   Level  Hunger
a - Shock                 Conj/Air       #...         8%          1    #......

Your spell library contained the following spells:

 Spells                   Type           Power        Failure   Level  Hunger
 Swiftness                Chrm/Air       #.......     14%         2    ###....
 Static Discharge         Conj/Air       #.......     22%         3    ###....
 Airstrike                Air            ##........   41%         4    #####..
 Lightning Bolt           Conj/Air       #.........   91%         5    ######.


Dungeon Overview and Level Annotations

Branches:
Dungeon (2/15)

Altars:
The Shining One

Annotations:
D:2 Jessica, Sigmund, Terence


Innate Abilities, Weirdness & Mutations

((Your plain brown scales are hard. (AC +5)))
You cannot fit into any form of body armour.
((You are cold-blooded and may be slowed by cold attacks.))
((Your large and strong wings let you fly indefinitely.))
((You have sharp toenails.))
((You can translocate small distances at will.))
You expend magic power (3 MP) to strengthen your wands.


Message History

Sigmund is severely wounded.
The zap misses the hobgoblin.
You hit Terence.
Terence is heavily wounded.
Terence hits you but does no damage. x2
You hit Terence but do no damage.
Terence is heavily wounded.
Terence hits you with a +4 hand axe of freezing.
* * * LOW HITPOINT WARNING * * *
Terence freezes you.
* * * LOW HITPOINT WARNING * * *
You barely miss Terence.
Terence is heavily wounded.
Terence hits you but does no damage.
You barely miss Terence.
Terence is heavily wounded.
Terence hits you with a +4 hand axe of freezing.
* * * LOW HITPOINT WARNING * * *
Terence freezes you.
You die...

....# ###.# #.# #.#
#.### #...# ###.#
####
#.###########...#
#........gg@♣...#
......###########...#
#####.# #.## #.# .#
..# # ###


You could see Sigmund the boggart, Terence and a hobgoblin (summoned).

Vanquished Creatures
  3 dart slugs (D:1)
  A giant cockroach (D:1)
  4 goblins
  2 hobgoblins (D:1)
  7 bats
  5 frilled lizards
  7 kobolds
  3 rats (D:1)
32 creatures vanquished.

Notes
Turn   | Place    | Note
-------+----------+-------------------------------------------
     0 | D:1      | Janerl the Draconian Air Elementalist began the quest for
                  | the Orb.
     0 | D:1      | Reached XP level 1. HP: 14/14 MP: 3/3
   146 | D:1      | Reached XP level 2. HP: 20/20 MP: 0/5
   868 | D:1      | Reached XP level 3. HP: 26/26 MP: 2/6
  1089 | D:2      | Noticed Jessica
  1104 | D:2      | Found a glowing golden altar of the Shining One.
  1112 | D:2      | Became a worshipper of the Shining One
  1140 | D:2      | Noticed Sigmund
  1167 | D:2      | Noticed Terence
  1181 | D:2      | Noticed Sigmund
  1191 | D:2      | Gained mutation: You can translocate small distances at
                  | will. [potion of mutation]
  1191 | D:2      | Gained mutation: You expend magic power (3 MP) to
                  | strengthen your wands. [potion of mutation]
  1191 | D:2      | Gained mutation: Your large and strong wings let you fly
                  | indefinitely. [potion of mutation]
  1191 | D:2      | Gained mutation: You have sharp toenails. [potion of
                  | mutation]
  1249 | D:2      | HP: 1/39 [Terence/+4 hand axe of freezing (6)]
  1249 | D:2      | Slain by Terence

Illustrated notes

Levels and vault maps discovered:
D:1:      wander_arrival_fairy_ring, layout_loops_ring
D:2:      layout_loops_ring, nicolae_ru_sacrificial_ziggurat,
          lemuel_crystal_altar, uniq_sigmund, uniq_terence, uniq_jessica

Action                   || total
-------------------------++-------
Melee: Unarmed           ||    53
       Tailslap          ||     4
       Mace              ||    22
 Cast: Shock             ||    52
  Use: Scroll            ||     2
       Potion            ||     1
 Stab: Sleeping          ||     1
  Eat: Chunk             ||     1
Armor: Skin              ||    40
Dodge: Dodged            ||    61
